 Dungeon Crawl Stone Soup version 0.28-a0-612-gcfc00ec14d (webtiles) character file.

Game seed: 8599243138534866783

823 bande the Chopper (level 7, -3/44 HPs)
             Began as a Gargoyle Fighter on Oct 5, 2021.
             Was a Believer of Okawaru.
             Slain by an orc warrior (9 damage)
             ... on level 4 of the Dungeon.
             The game lasted 00:07:33 (3485 turns).

bande the Chopper (Gargoyle Fighter)                Turns: 3485, Time: 00:07:33

Health: -3/44      AC: 16    Str: 27    XL:     7   Next: 96%
Magic:  9/9        EV: 10    Int: 13    God:    Okawaru [**....]
Gold:   151        SH:  4    Dex: 11    Spells: 6/6 levels left

rFire   . . .      SeeInvis .   f - +3 broad axe of the Evening {freeze, rPois rC+ Str+2 Int+4}
rCold   + . .      Faith    .   c - +0 buckler
rNeg    + . .      Spirit   .   b - +0 scale mail
rPois   ∞          Reflect  .   q - +0 helmet
rElec   +          Harm     .   j - +2 cloak
rCorr   .          Rampage  .   (no gloves)
Will    .....                   (no boots)
Stlth   ..........              (no amulet)
HPRegen 0.14/turn               g - +6 ring of strength
MPRegen 0.11/turn               (no ring)

@: no status effects
A: sickness immunity, AC +4, negative energy resistance 1, electricity
resistance, torment resistance 1, petrification resistance
a: Renounce Religion, Heroism


You were on level 4 of the Dungeon.
You worshipped Okawaru.
Okawaru was pleased with you.
You visited 1 branch of the dungeon, and saw 4 of its levels.

You collected 151 gold pieces.

Inventory:

Hand Weapons
 a - a +0 war axe
 f - the +3 broad axe of the Evening (weapon) {freeze, rPois rC+ Str+2 Int+4}
   (You acquired it on level 3 of the Dungeon)

   It freezes those it strikes, dealing additional cold damage.
   It can also slow down cold-blooded creatures.
   Str:       It affects your strength (+2).
   Int:       It affects your intelligence (+4).
   rC:        It protects you from cold.
   rPois:     It protects you from poison.
Armour
 b - a +0 scale mail (worn)
 c - a +0 buckler (worn)
 j - a +2 cloak (worn)
 q - a +0 helmet (worn)
Jewellery
 g - a +6 ring of strength (left hand)
Wands
 m - a wand of polymorph (6)
Scrolls
 e - a scroll of identify
 i - a scroll of teleportation
 n - 2 scrolls of brand weapon {unknown}
Potions
 d - 2 potions of might
 h - 2 potions of lignification {unknown}
 k - a potion of resistance {unknown}
 l - a potion of invisibility {unknown}
 o - a potion of ambrosia {unknown}
 p - 2 potions of heal wounds {unknown}
 r - 2 potions of curing


   Skills:
 + Level 4.6 Fighting
 + Level 5.3 Axes
 + Level 4.6 Armour
 + Level 4.1 Shields
 * Level 3.1 Invocations
 * Level 2.3 Evocations


You had 6 spell levels left.
You didn't know any spells.
Your spell library was empty.

Dungeon Overview and Level Annotations

Branches:
Dungeon (4/15)
 Temple: D:4-7

Altars:
Hepliaklqana
Kikubaaqudgha
Makhleb
Okawaru
Qazlal
Sif Muna
Trog
Vehumet
Wu Jian
Zin
The Shining One

Annotations:
D:4 1 runed translucent door


Innate Abilities, Weirdness & Mutations

You are immune to sickness and miasma.
Your stone body is resilient. (AC +4)
You are immune to poison.
You resist negative energy. (rN+)
You are resistant to electric shocks. (rElec)
You are resistant to unholy torment.
You are immune to petrification.


Message History

You kill the orc warrior!
Okawaru accepts your kill.
You barely miss the orc priest.
The orc priest invokes the aid of Beogh against you.
Pain shoots through your body! You block the orc priest's attack.
Your Invocations skill increases to level 3!
The orc priest completely misses you.
Items here: ( )) [ †.
You hit the orc priest. You freeze the orc priest.
The orc priest is moderately wounded.
The orc priest hits you with a +0 mace.
* * * LOW HITPOINT WARNING * * *
Unknown command.
You hit the orc priest. You freeze the orc priest.
The orc priest is severely wounded.
You slash the orc warrior! You freeze the orc warrior.
The orc warrior hits you but does no damage.
The orc priest closely misses you.
The orc warrior hits you but does no damage.
You slash the orc priest! You freeze the orc priest.
You kill the orc priest!
Okawaru accepts your kill.
You slash the orc warrior! You freeze the orc warrior.
The orc warrior hits you but does no damage.
Unknown command.
You hit the orc warrior. You freeze the orc warrior.
The orc warrior is almost dead.
The orc warrior hits you with a +0 short sword!
* * * LOW HITPOINT WARNING * * *
You barely miss the orc warrior.
The orc warrior is almost dead.
The orc warrior closely misses you.
The orc warrior hits you but does no damage.
You hit the orc warrior but do no damage.
The orc warrior is almost dead.
You block the orc warrior's attack.
You barely miss the orc warrior.
The orc warrior is almost dead.
The orc warrior hits you with a +0 short sword!
You die...

.. #. #.###.# ...
#...... .. #......
.. #...... .
####..... .#
...#....o##<#
#......)@..#
###..####.###
##....##...#
.###..#.......#####
........##........#
........#...#######
........#..##
...........#
...........#


You could see an orc warrior.

Vanquished Creatures
  Sigmund (D:3)
  An orc warrior (D:4)
  A water moccasin zombie (D:3)
  The ghost of quoriil the Skirmisher, a weakling DsAK of Lugonu (D:3)
  A human zombie (D:4)
  A hound (D:3)
  4 orc priests (D:4)
  Ijyb (D:2)
  Jessica (D:3)
  2 bullfrog skeletons (D:3)
  2 orc wizards (D:3)
  Robin (D:3)
  5 adders
  An adder skeleton (D:2)
  2 worms (D:2)
  4 orcs
  7 ball pythons
  2 bats
  4 endoplasms
  A giant cockroach (D:3)
  12 goblins
  11 hobgoblins
  3 kobolds
  5 quokkas
  5 frilled lizards
  5 rats
84 creatures vanquished.

Notes
Turn   | Place    | Note
-------+----------+-------------------------------------------
     0 | D:1      | bande the Gargoyle Fighter began the quest for the Orb.
     0 | D:1      | Reached XP level 1. HP: 14/14 MP: 1/1
   105 | D:1      | Reached skill level 2 in Axes
   182 | D:1      | Reached XP level 2. HP: 19/19 MP: 2/2
   896 | D:2      | Reached XP level 3. HP: 24/24 MP: 3/3
  1236 | D:2      | Found an iron altar of Okawaru.
  1244 | D:2      | Became a worshipper of Warmaster Okawaru
  1330 | D:2      | Found a faded altar of an unknown god.
  1609 | D:2      | Reached XP level 4. HP: 29/29 MP: 4/4
  1971 | D:3      | Noticed Robin
  1971 | D:3      | Noticed Ijyb
  2074 | D:2      | Killed Ijyb
  2075 | D:2      | Reached skill level 3 in Axes
  2075 | D:2      | Reached skill level 1 in Invocations
  2084 | D:2      | Reached XP level 5. HP: 26/33 MP: 5/5
  2152 | D:3      | Killed Robin
  2176 | D:3      | Found a radiant altar of Vehumet.
  2181 | D:3      | Identified a scroll of acquirement
  2181 | D:3      | Acquired the +3 broad axe of the Evening {freeze, rPois rC+
                  | Str+2 Int+4}
  2389 | D:3      | Noticed Sigmund
  2400 | D:3      | Killed Sigmund
  2400 | D:3      | Reached * piety under Okawaru
  2401 | D:3      | Reached skill level 4 in Axes
  2401 | D:3      | Reached skill level 1 in Evocations
  2401 | D:3      | Reached XP level 6. HP: 38/38 MP: 7/7
  2444 | D:3      | Found a runed translucent gate.
  2444 | D:3      | Found a runed translucent gate.
  2444 | D:3      | Found a runed translucent gate.
  2450 | D:3      | Noticed quoriil's ghost (weakling DsAK)
  2701 | D:3      | Noticed Jessica
  2709 | D:3      | Killed Jessica
  2889 | D:3      | Found a bloodstained altar of Trog.
  2891 | D:3      | Found a glowing silver altar of Zin.
  2893 | D:3      | Found a glowing golden altar of the Shining One.
  2893 | D:3      | Found a shimmering blue altar of Sif Muna.
  2893 | D:3      | Found an ornate altar of the Wu Jian Council.
  2894 | D:3      | Found an ancient bone altar of Kikubaaqudgha.
  2895 | D:3      | Found a hazy altar of Hepliaklqana.
  2896 | D:3      | Found an iron altar of Okawaru.
  2897 | D:3      | Found a burning altar of Makhleb.
  2898 | D:3      | Found a stormy altar of Qazlal.
  3106 | D:3      | Killed quoriil's ghost
  3109 | D:3      | Reached XP level 7. HP: 41/44 MP: 8/8
  3205 | D:4      | Noticed a human
  3205 | D:4      | Found a runed translucent door.
  3235 | D:4      | Reached ** piety under Okawaru
  3263 | D:3      | Reached skill level 5 in Axes
  3485 | D:4      | Slain by an orc warrior

Illustrated notes

Levels and vault maps discovered:
D:1:      minmay_arrival_open_corners, layout_basic, hangedman_decor_peaks_small
D:2:      layout_basic, hellmonk_ecumenical_altar_arch_garden, basic_altar
D:3:      gammafunk_ghost_necromancy, layout_loops_ring, minitemple,
          nicolae_vehumet_radiance, uniq_ijyb, uniq_jessica, uniq_sigmund,
          uniq_robin
D:4:      layout_rooms, dk_yredelemnul_ordeal, minmay_misc_feat_nine_boxes

Skill      XL: |  1  2  3  4  5  6  7 |
---------------+----------------------+-----
Axes           | 2 3 4 5 |  5.3
Armour         | 4 |  4.6
Invocations    | 1 2 3 |  3.1
Fighting       | 4 |  4.6
Evocations     | 1 2 |  2.3
Shields        | 4 |  4.1

Action                   |  1- 3 |  4- 6 |  7- 9 || total
-------------------------+-------+-------+-------++-------
Melee: War axe           |   100 |   131 |    44 ||   275
       Broad axe         |       |       |    13 ||    13
  Use: Scroll            |     2 |     1 |       ||     3
Armor: Scale mail        |    51 |    99 |    65 ||   215
Dodge: Dodged            |    52 |    80 |    25 ||   157
Block: Buckler           |    22 |    41 |     8 ||    71

Table legend: (Time is in decaauts)
 A = Elapsed time spent in this place.
 B = Non-inter-level travel time spent in this place.
 C = Inter-level travel time spent in this place.
 D = Time resting spent in this place.
 E = Time spent auto-exploring this place.
 F = Levels seen in this place.
 G = Mean time per level.
                   A        B        C        D        E       F      G
               +--------+--------+--------+--------+--------+-----+--------+
         Total |   3591 |   3478 |    113 |    556 |   2060 |   4 |  897.8 |
       Dungeon |   3591 |   3478 |    113 |    556 |   2060 |   4 |  897.8 |
               +--------+--------+--------+--------+--------+-----+--------+

Top non-repeatable levels by time:
     D:3: 1326 daAuts
     D:2: 1306 daAuts
     D:1: 875 daAuts
     D:4: 83 daAuts
